 Dungeon Crawl Stone Soup version 0.30.1-11-g7821555f0a (webtiles) character file.

Game seed: 17310581436793919353

39029 Peloso the Peltast (level 13, -3/116 (117) HPs)
             Began as a Minotaur Fighter on Jan 9, 2024.
             Was a High Priest of Okawaru.
             Slain by an orc warrior
             ... wielding a +0 glaive
              (23 damage)
             ... on level 2 of the Orcish Mines.
             The game lasted 00:34:36 (20709 turns).

Peloso the Peltast (Minotaur Fighter)              Turns: 20709, Time: 00:34:36

HP:   -3/116 (117)  AC: 19    Str: 22    XL:     13   Next: 67%
MP:   4/4           EV:  6    Int:  3    God:    Okawaru [*****.]
Gold: 1557          SH: 24    Dex: 14    Spells: 12/12 levels left

rFire   . . .        c - +5 falchion of Gutsamuit {antimagic, rElec rPois rN+ Int-2}
rCold   . . .        d - +0 tower shield
rNeg    + . .        P - +1 plate armour
rPois   +            (helmet restricted)
rElec   +            (no cloak)
rCorr   +            s - +1 Delatra's gloves {ID++}
SInv    .            (no boots)
Will    .....        m - amulet of reflection Stlth
                     k - ring of resist corrosion
HPRegen 0.39/turn    (no ring)
MPRegen 0.09/turn

%: reflection
@: about to teleport, lightly drained
A: horns 2, retaliatory headbutt
a: Renounce Religion, Heroism, Finesse, Duel


You were on level 2 of the Orcish Mines.
You worshipped Okawaru.
Okawaru was extremely pleased with you.
You visited 4 branches of the dungeon, and saw 18 of its levels.

You collected 1794 gold pieces.
You spent 237 gold pieces at shops.

Inventory:

Hand Weapons
 a - a +1 scimitar of pain
 b - a +2 long sword of flaming
 c - the +5 falchion of Gutsamuit (weapon) {antimagic, rElec rPois rN+ Int-2}
   (Okawaru gifted it to you on level 3 of the Lair of Beasts)

   Int:       It affects your intelligence (-2).
   rElec:     It insulates you from electricity.
   rPois:     It protects you from poison.
   rN:        It protects you from negative energy.
Missiles
 h - 2 throwing nets (quivered)
Armour
 d - a +0 tower shield (worn)
 s - the +1 Delatra's gloves (worn) {ID++}
   (You found it on level 4 of the Dungeon)

   ID++:      It heals its wearer when they drink unknown potions, and restores
   their MP when they read unknown scrolls.
 I - +0 fire dragon scales
 P - a +1 plate armour (worn)
Jewellery
 k - a ring of resist corrosion (left hand)
 m - an amulet of reflection (around neck)
 w - an amulet of magic regeneration
 J - an amulet of regeneration
 N - a ring of magical power
 O - a ring of see invisible
Wands
 n - a wand of mindburst (19)
 u - a wand of charming (21)
 v - a wand of flame (36)
 z - a wand of roots (16)
 G - a wand of polymorph (13)
 M - a wand of digging (1)
Scrolls
 e - 6 scrolls of teleportation
 g - 2 scrolls of magic mapping
 r - 2 scrolls of enchant armour
 t - 7 scrolls of enchant weapon
 x - a scroll of blinking
 y - 4 scrolls of immolation
 A - 2 scrolls of fear
 B - 3 scrolls of poison
 D - a scroll of torment {unknown}
 F - a scroll of noise {unknown}
 L - 2 scrolls of identify
Potions
 f - a potion of mutation
 i - a potion of might
 j - a potion of resistance
 l - a potion of flight
 o - a potion of ambrosia
 p - 5 potions of brilliance
 q - a potion of curing
 C - 2 potions of haste
 E - a potion of berserk rage
 H - 2 potions of heal wounds
 K - a potion of magic {unknown}


   Skills:
 + Level 11.9 Fighting
 + Level 15.8 Long Blades
 + Level 12.6 Armour
 + Level 1.7 Dodging
 + Level 1.5 Stealth
 + Level 16.7 Shields
 + Level 2.1 Invocations


You had 12 spell levels left.
You didn't know any spells.
Your spell library contained the following spells:

 Spells                   Type           Power      Damage    Failure   Level
 Foxfire                  Conj/Fire      0%         2x1d4     100%        1
 Shock                    Conj/Air       0%         1d3       100%        1
 Dazzling Flash           Conj/Hex       0%         N/A       100%        3
 Frozen Ramparts          Ice            0%         1d1       100%        3
 Gell's Gravitas          Tloc           0%         N/A       100%        3
 Portal Projectile        Hex/Tloc       0%         N/A       100%        3
 Stone Arrow              Conj/Erth      0%         3d7       100%        3
 Swiftness                Air            0%         N/A       100%        3
 Teleport Other           Tloc           0%         N/A       100%        3
 Volatile Blastmotes      Fire/Tloc      0%         2d10      100%        3
 Airstrike                Air            0%         2d(0-16)  100%        4
 Ice Form                 Ice/Tmut       0%         N/A       100%        4
 Iskenderun's Mystic Bla  Conj/Tloc      0%         2d3       100%        4
 Agony                    Necr           0%         N/A       100%        5
 Blade Hands              Tmut           0%         N/A       100%        5
 Fireball                 Conj/Fire      0%         3d3       100%        5
 Silence                  Hex/Air        0%         N/A       100%        5
 Dispersal                Tloc           0%         N/A       100%        6
 Eringya's Noxious Bog    Tmut/Pois      0%         N/A       100%        6
 Plasma Beam              Fire/Air       0%         2x1d11    100%        6
 Starburst                Conj/Fire      0%         6d3       100%        6
 Orb of Destruction       Conj           0%         9d5       100%        7
 Lehudib's Crystal Spear  Conj/Erth      0%         10d2      100%        8
 Summon Guardian Golem    Hex/Summ       Unusable   N/A       N/A         3
 Tukima's Dance           Hex            Unusable   N/A       N/A         3
 Animate Armour           Summ/Erth      Unusable   N/A       N/A         4
 Summon Ice Beast         Ice/Summ       Unusable   N/A       N/A         4
 Summon Forest            Summ/Tloc      Unusable   N/A       N/A         5
 Spellforged Servitor     Conj/Summ      Unusable   N/A       N/A         7
 Summon Hydra             Summ           Unusable   N/A       N/A         7

Dungeon Overview and Level Annotations

Branches:
Dungeon (12/15)            Temple (1/1) D:4            Lair (3/5) D:9
 Shoals (0/4) Lair:2       Spider (0/4) Lair:3          Orc (2/2) D:10
    Elf (0/3) Orc:2

Altars:
Ashenzari
Cheibriados
Dithmenos
Elyvilon
Fedhas
Gozag
Hepliaklqana
Kikubaaqudgha
Makhleb
Nemelex Xobeh
Okawaru
Qazlal
Ru
Sif Muna
Trog
Uskayaw
Vehumet
Wu Jian
Xom
Yredelemnul
Zin
The Shining One

Shops:
D:3 =   D:10 ([   Orc:2 =

Annotations:
D:4 2 transporters, timpakay's ghost, amateur DsTm
Lair:1 3 runed translucent doors, Tyszek's ghost, journeyman MiMo
Lair:2 1 runed translucent door
Orc:1 1 runed translucent door


Innate Abilities, Weirdness & Mutations

You have a pair of horns on your head.
You reflexively headbutt those who attack you in melee.


Message History

You hit the orc sorcerer.
The orc sorcerer's magic leaks into the air.
Your headbutt misses the orc sorcerer.
The orc sorcerer is lightly wounded.
You block the orc knight's attack.
The orc sorcerer gestures at you while chanting.
You resist with some effort. The smoke demon gestures at you. Beogh smites you!
As you read the scroll of teleportation, it crumbles to dust.
You feel strangely unstable.
The orc warrior no longer looks unusually strong.
The orc sorcerer no longer looks unusually strong.
You block the orc knight's attack.
The orc knight hits you with a +3 dire flail of protection!!
* * * LOW HITPOINT WARNING * * *
The orc sorcerer howls an incantation.
The orc sorcerer's hands start to glow.
You block the orc sorcerer's attack. You block the orc warrior's attack.
You hit the orc sorcerer.
The orc sorcerer's magic leaks into the air.
You headbutt the orc sorcerer, but do no damage.
The orc sorcerer is moderately wounded.
The orc high priest no longer looks unusually strong.
You block the orc sorcerer's attack. You block the orc knight's attack. x2
The orc knight roars a battlecry!
The orcs go into a battle-frenzy!
An orc warrior comes into view.
It is wielding a +0 flail of holy wrath.
You block the orc warrior's attack.
You slash the orc sorcerer!
The orc sorcerer's magic leaks into the air.
The orc sorcerer is heavily wounded.
The orc knight no longer looks unusually strong.
The orc knight hits you with a +3 dire flail.
* * * LOW HITPOINT WARNING * * *
The orc knight roars a battlecry!
The orcs go into a battle-frenzy!
You block the orc sorcerer's attack.
The orc warrior hits you from afar with a +0 glaive!!
You die...

##..##.## #.....
#...#...## #.....
##..##.#.##
###...
#....)....# #...
##.....#.## ##.)
#.....### ##.
##.#### ##
######.###### #
#.....oooo@o### #
...####.####ooo##
# #.######o3##
#### #.#...###o.#
#... #.#.....##{#
###...
#.#......#)#
#.#... ... #...)#
#..... ... ##.o##
#...<. #.o ###...


You could see 3 orc knights, an orc high priest (strong), a smoke demon
(summoned), 2 orc sorcerers, 3 orc warriors and an orc wizard (strong).

Vanquished Creatures
  Gastronok (D:11)
  A fire dragon (D:9)
  Josephine (D:11)
  Erolcha (D:10)
  Harold (D:11)
  2 hydras
  3 boulder beetles
  2 centaur warriors
  6 death yaks (Lair:3)
  An orc high priest (Orc:1)
  2 two-headed ogres
  Nergalle (Lair:2)
  An orc knight (D:10)
  2 orc sorcerers
  3 cyclopes
  8 elephants
  A gargoyle (D:11)
  A cane toad (Lair:2)
  2 komodo dragons (Lair:2)
  4 trolls
  A polar bear (Lair:3)
  12 blink frogs
  A tarantella (Lair:3)
  2 hornets
  6 slime creatures (D:12)
  5 wraiths
  2 wyverns
  A shadow (D:12)
  36 yaks
  A vampire (D:11)
  A basilisk (Lair:2)
  4 wargs
  2 acid dragons
  Duvessa (D:7)
  8 water moccasins
  An ice beast (D:7)
  A black bear (D:7)
  13 orc warriors
  An ogre (Orc:2)
  A sky beast (D:6)
  7 wolves
  5 centaurs
  A phantom (D:6)
  2 kobold brigands
  11 bullfrogs
  Blork the orc (D:5)
  A gnoll sergeant (D:12)
  7 scorpions
  4 wights (D:8)
  Dowan (D:7)
  9 killer bees
  4 howler monkeys (D:9)
  2 gnoll boudas
  23 orc priests
  4 hounds (D:9)
  Jessica (D:3)
  2 sleepcaps
  4 iguanas
  17 orc wizards
  21 gnolls
  3 adders
  A white imp (D:5)
  An ufetubus (D:7)
  2 worms (D:2)
  A dart slug (D:2)
  95 orcs
  11 endoplasms
  3 giant cockroaches
  8 goblins
  9 hobgoblins
  3 jackals (D:5)
  18 kobolds
  3 quokkas
  3 ball pythons (D:1)
  4 bats
  4 frilled lizards
  2 rats
442 creatures vanquished.

Vanquished Creatures (others)
  A quokka (D:2)
1 creature vanquished.

Grand Total: 443 creatures vanquished

Notes
Turn   | Place    | Note
-------+----------+-------------------------------------------
     0 | D:1      | Peloso the Minotaur Fighter began the quest for the Orb.
     0 | D:1      | Reached XP level 1. HP: 19/19 MP: 0/0
   248 | D:1      | Reached XP level 2. HP: 27/27 MP: 1/1
  1163 | D:2      | Found a faded altar of an unknown god.
  1317 | D:2      | Reached XP level 3. HP: 33/33 MP: 2/2
  1648 | D:2      | Reached skill level 4 in Shields
  1655 | D:2      | Reached XP level 4. HP: 28/40 MP: 3/3
  2059 | D:3      | Found Zin's Purification Station.
  2059 | D:3      | Found a glowing silver altar of Zin.
  2093 | D:3      | Found Luug's Jewellery Shop.
  2784 | D:3      | Noticed Jessica
  2794 | D:3      | Killed Jessica
  2795 | D:3      | Reached XP level 5. HP: 38/47 MP: 4/4
  2835 | D:3      | Found a shimmering blue altar of Sif Muna.
  3394 | D:3      | Found a stormy altar of Qazlal.
  3486 | D:4      | Reached skill level 5 in Long Blades
  3486 | D:4      | Reached XP level 6. HP: 38/53 MP: 5/5
  3491 | D:4      | Found the +1 Delatra's gloves {ID++}
  3887 | D:4      | Found a transporter.
  3913 | D:4      | Reached skill level 5 in Shields
  3917 | D:4      | Found a staircase to the Ecumenical Temple.
  3936 | Temple   | Entered the Ecumenical Temple
  4243 | Temple   | Reached skill level 5 in Armour
  4346 | D:4      | Noticed timpakay's ghost (amateur DsTm)
  4347 | D:4      | Found a transporter.
  4594 | D:5      | Entered Level 5 of the Dungeon
  4722 | D:5      | Reached XP level 7. HP: 60/60 MP: 6/6
  5152 | D:5      | Reached skill level 5 in Fighting
  5152 | D:5      | Reached skill level 6 in Shields
  5317 | D:5      | Noticed Blork the orc
  5322 | D:5      | Killed Blork the orc
  5813 | D:6      | Found a hazy altar of Hepliaklqana.
  5817 | D:6      | Reached XP level 8. HP: 68/68 MP: 7/7
  5950 | D:6      | Found a sparkling altar of Nemelex Xobeh.
  6334 | D:6      | Reached skill level 7 in Shields
  6536 | D:6      | Found a snail-covered altar of Cheibriados.
  7449 | D:7      | Found an iron altar of Okawaru.
  7895 | D:7      | Reached skill level 10 in Long Blades
  7895 | D:7      | Reached XP level 9. HP: 51/75 MP: 8/8
  8097 | D:7      | Noticed Dowan
  8101 | D:7      | Noticed Duvessa
  8116 | D:7      | Killed Duvessa
  8152 | D:7      | Killed Dowan
  8419 | D:8      | Reached skill level 8 in Shields
  8690 | D:7      | Became a worshipper of Warmaster Okawaru
  8903 | D:8      | Found a basalt altar of Yredelemnul.
  9432 | D:9      | Noticed a centaur warrior
  9440 | D:9      | Noticed a fire dragon
  9444 | D:10     | Entered Level 10 of the Dungeon
  9444 | D:10     | Noticed Erolcha
  9469 | D:10     | HP: 2/79 [something (11)]
  9470 | D:10     | Killed Erolcha
  9471 | D:10     | Reached XP level 10. HP: 2/88 MP: 9/9
  9982 | D:10     | Found Pauxavogh's Armour Shoppe.
  9988 | D:10     | Reached skill level 1 in Stealth
  9998 | D:10     | Reached * piety under Okawaru
 10056 | D:10     | Found a staircase to the Orcish Mines.
 10056 | D:10     | Found Zaimud's Weapon Shoppe.
 10114 | D:10     | Reached skill level 9 in Shields
 10244 | D:10     | Bought a +2 long sword of flaming for 237 gold pieces
 10261 | D:10     | Noticed a two-headed ogre
 10267 | D:10     | Killed a two-headed ogre
 10267 | D:10     | Reached ** piety under Okawaru
 10462 | D:10     | Noticed an orc knight
 10462 | D:10     | Noticed a purple ugly thing
 10462 | D:10     | Noticed an orc knight
 10462 | D:10     | Noticed an orc knight
 10463 | D:10     | Noticed a cyclops
 10463 | D:10     | Noticed a manticore
 10463 | D:10     | Noticed a brown ugly thing
 10464 | D:10     | Noticed a centaur warrior
 10464 | D:10     | Noticed a green ugly thing
 10486 | D:10     | Noticed a cyclops
 11047 | D:11     | Noticed a centaur warrior
 11053 | D:11     | Killed a centaur warrior
 11053 | D:11     | Reached *** piety under Okawaru
 11054 | D:11     | Reached XP level 11. HP: 78/97 MP: 10/10
 11063 | D:11     | Reached skill level 10 in Shields
 11133 | D:11     | Noticed Harold
 11170 | D:11     | Killed Harold
 11465 | D:11     | Noticed a boulder beetle
 11487 | D:11     | Killed a boulder beetle
 11488 | D:11     | Reached skill level 1 in Dodging
 11660 | D:11     | Noticed a boulder beetle
 11677 | D:11     | Killed a boulder beetle
 11677 | D:11     | Reached **** piety under Okawaru
 11735 | D:11     | Noticed Josephine
 11748 | D:11     | Killed Josephine
 11750 | D:11     | Reached skill level 11 in Shields
 11750 | D:11     | Reached skill level 1 in Invocations
 11954 | D:11     | Reached skill level 10 in Armour
 12494 | D:12     | Found an ornate altar of the Wu Jian Council.
 12979 | D:12     | Noticed a boulder beetle
 13014 | D:12     | Killed a boulder beetle
 13015 | D:12     | Reached skill level 10 in Fighting
 13230 | D:12     | Reached skill level 12 in Shields
 13390 | D:11     | Noticed Gastronok
 13399 | D:11     | Killed Gastronok
 13400 | D:11     | Reached XP level 12. HP: 106/106 MP: 8/12
 13476 | D:9      | Found a radiant altar of Vehumet.
 13520 | D:9      | Noticed a two-headed ogre
 13536 | D:9      | Killed a two-headed ogre
 13876 | D:9      | Killed a centaur warrior
 13877 | D:9      | Reached skill level 15 in Long Blades
 14041 | D:9      | Reached ***** piety under Okawaru
 14042 | D:9      | Reached skill level 13 in Shields
 14101 | D:9      | Killed a fire dragon
 14147 | D:9      | Found an opulent altar of Gozag.
 14297 | D:9      | Found a staircase to the Lair.
 14618 | Lair:1   | Entered Level 1 of the Lair of Beasts
 15086 | Lair:1   | Found a runed translucent gate.
 15087 | Lair:1   | Found a runed translucent gate.
 15088 | Lair:1   | Found a runed translucent gate.
 15089 | Lair:1   | Noticed Tyszek's ghost (journeyman MiMo)
 15801 | Lair:2   | Noticed Nergalle
 15824 | Lair:2   | Killed Nergalle
 15825 | Lair:2   | Reached skill level 14 in Shields
 16191 | Lair:2   | Found the +8 trident of the Octopus King {venom, rElec
                  | rPois}
 16253 | Lair:2   | Found a staircase to the Shoals.
 16294 | Lair:2   | Identified the +0 scale mail of Wyuz Lik {+Inv rN+ Str-3}
                  | (Okawaru gifted it to you on level 2 of the Lair of Beasts)
 16294 | Lair:2   | Received a gift from Okawaru
 16666 | Lair:2   | Noticed a seven-headed hydra
 16678 | Lair:2   | Killed a three-headed hydra
 16731 | Lair:2   | Noticed a dire elephant
 16731 | Lair:2   | Noticed a catoblepas
 16751 | Lair:2   | Found a runed translucent door.
 16889 | Lair:2   | Reached XP level 13. HP: 101/116 MP: 13/13
 17092 | Lair:2   | Reached skill level 15 in Shields
 18120 | Lair:3   | Found a hole to the Spider Nest.
 18395 | Lair:3   | Reached skill level 16 in Shields
 18725 | Lair:3   | Identified the +5 falchion of Gutsamuit {antimagic, rElec
                  | rPois rN+ Int-2} (Okawaru gifted it to you on level 3 of
                  | the Lair of Beasts)
 18725 | Lair:3   | Received a gift from Okawaru
 19093 | Orc:1    | Entered Level 1 of the Orcish Mines
 19607 | Orc:1    | Found a runed translucent door.
 19681 | Orc:2    | Entered Level 2 of the Orcish Mines
 19861 | Orc:2    | Found a staircase to the Elven Halls.
 20687 | Orc:2    | Found Luen Vae's Jewellery Boutique.
 20709 | Orc:2    | Slain by an orc warrior

Illustrated notes

Levels and vault maps discovered:
D:1:      dpeg_arrival_leaves_temple_mockup, layout_loops_ring, serial_rivers,
          chequers_serial_rivers_room_b, chequers_serial_rivers_small_3,
          chequers_serial_rivers_small_3, chequers_serial_rivers_room_b,
          minmay_misc_feat_tower, minmay_misc_feat_cross,
          minmay_misc_feat_square
D:2:      layout_loops_ring, nicolae_ecumenical_pavilion, lemuel_flame_loot_1
D:3:      layout_basic, tgw_sif, mainiacjoe_overflow_alcove_2, zin_purify,
          serial_shops, shop, kennysheep_orc_chapel
D:4:      layout_basic, minmay_temple_entry_junction_2,
          gammafunk_ghost_mausoleum, serial_park_tiny_pond
D:5:      layout_gridville, uniq_blork_the_orc
D:6:      layout_layer_cave, cheibriados_altar_1,
          chequers_temple_overflow_statue_of_worship
D:7:      layout_gridville, general_overflow_altar, uniq_duvessa
D:8:      layout_loops_ring, mainiacjoe_overflow_paths
D:9:      layout_basic, lemuel_crystal_altar, vehumet_altar_wand_db,
          erik_lair_island, minmay_bent
D:10:     layout_basic, orc_david_3, minivault_12, uniq_erolcha
D:11:     layout_basic, uniq_gastronok, uniq_harold, uniq_josephine
D:12:     layout_gridville, dreamdust_mushroom_princess,
          kennysheep_another_room, nicolae_wu_jian_immortal_techniques
Temple:   nicolae_temple_slightly_damp_pantheon
Lair:1:   layout_regular_city, ebering_ghost_rock_garden
Lair:2:   gammafunk_lair_enchanted_lake, layout_cellular_growth,
          shoals_dummy_entry, st_stairs_5, uniq_nergalle
Lair:3:   layout_regular_city, spider_nest_entry_rubble
Orc:1:    layout_caves, basic_altar, lightli_church_of_beogh
Orc:2:    st_orc_elflike, layout_diamond_mine, basic_altar,
          hangedman_minor_magic

Skill      XL: |  1  2  3  4  5  6  7  8  9 10 11 12 13 |
---------------+----------------------------------------+-----
Fighting       | 4 5 6 7 9 10 11 | 11.9
Armour         | 4 5 6 8 9 10 12 | 12.6
Long Blades    | 3 4 5 6 7 10 11 13 14 15 | 15.8
Shields        | 4 5 6 7 8 9 12 14 16 | 16.7
Stealth        | 1 |  1.5
Dodging        | 1 |  1.7
Invocations    | 1 2 |  2.1

Action                     |  1- 3 |  4- 6 |  7- 9 | 10-12 | 13-15 || total
---------------------------+-------+-------+-------+-------+-------++-------
  Melee: Long sword        |    79 |   147 |   183 |   668 |   233 ||  1310
         Headbutt          |    12 |    28 |    81 |   187 |   134 ||   442
         Scimitar          |       |       |   241 |   115 |       ||   356
         Falchion          |       |       |       |       |   256 ||   256
 Invoke: Heroism           |       |       |       |    19 |     3 ||    22
  Evoke: Wand              |       |       |     1 |       |       ||     1
    Use: Potion            |     2 |       |     8 |     1 |       ||    11
         Scroll            |       |     4 |     4 |    11 |     1 ||    20
   Stab: Distracted        |       |       |       |     1 |       ||     1
 Armour: Scale mail        |    14 |       |       |       |       ||    14
         Plate armour      |    29 |    71 |   201 |   197 |   130 ||   628
  Dodge: Dodged            |    23 |    26 |    71 |    86 |    53 ||   259
  Block: Buckler           |    12 |    83 |   208 |    58 |       ||   361
         Reflection        |       |     4 |    10 |    19 |    14 ||    47
         Tower shield      |       |       |       |   724 |   567 ||  1291
